 Dungeon Crawl Stone Soup version 0.22.0-13-g43fe8f24b8 (webtiles) character file.

72 Htamos the Vexing (level 4, -2/26 HPs)
             Began as a Kobold Arcane Marksman on Aug 17, 2018.
             Slain by a worm (7 damage)
             ... on level 2 of the Dungeon.
             The game lasted 00:04:14 (1612 turns).

Htamos the Vexing (Kobold Arcane Marksman)          Turns: 1612, Time: 00:04:14

Health: -2/26      AC:  3    Str:  8    XL:     4   Next: 50%
Magic:  6/6        EV: 16    Int: 14    God:
Gold:   65         SH:  0    Dex: 15    Spells: 2/6 levels left

rFire    . . .     SeeInvis .   u - -3 club (curse)
rCold    . . .     Gourm    .   (shield restricted)
rNeg     . . .     Faith    .   e - +0 robe
rPois    .         Spirit   .   r - +0 helmet
rElec    .         Reflect  .   (no cloak)
rCorr    .         Harm     .   (no gloves)
MR       .....                  (no boots)
Stlth    +.........             (no amulet)
HPRegen  0.08/turn              (no ring)
MPRegen  0.10/turn              (no ring)

@: no status effects
A: small, carnivore
a: no special abilities


You were on level 2 of the Dungeon.
You were completely stuffed.

You visited 1 branch of the dungeon, and saw 2 of its levels.

You collected 65 gold pieces.

Inventory:

Hand Weapons
 a - a +0 hand crossbow
 u - a cursed -3 club (weapon)
 v - a +0 spear
Armour
 e - a +0 robe (worn)
 r - a +0 helmet (worn)
Jewellery
 j - an uncursed ring of protection from fire {unknown}
 l - a cursed ring of teleportation {unknown}
 p - a cursed ring of teleportation {unknown}
Scrolls
 c - a scroll of blinking {unknown}
 d - a scroll of magic mapping {unknown}
 h - 2 scrolls of teleportation {unknown}
 m - a scroll of remove curse {unknown}
 n - a scroll of amnesia {unknown}
 s - a scroll of fear {unknown}
Potions
 b - a potion of heal wounds {unknown}
 g - a potion of cancellation {unknown}
 i - a potion of magic {unknown}
 k - a potion of lignification {unknown}
 o - a potion of flight {unknown}
 q - a potion of curing {unknown}
Comestibles
 f - 5 rations
 w - 4 chunks of flesh


   Skills:
 + Level 2.1 Fighting
 + Level 3.2 Crossbows
 + Level 3.1 Dodging
 - Level 1.8 Spellcasting
 + Level 3.5 Hexes


You had 2 spell levels left.
You knew the following spells:

 Your Spells              Type           Power        Failure   Level  Hunger
a - Corona                Hex            ##.....      6%          1    ##.....
b - Inner Flame           Hex/Fire       #.......     34%         3    ####...

Your spell library contained the following spells:

 Spells                   Type           Power        Failure   Level  Hunger
 Cause Fear               Hex            ##........   50%         4    #####..
 Slow                     Hex            ##......     9%          2    ###....
 Portal Projectile        Hex/Tloc       #.....       34%         3    ####...
 Leda's Liquefaction      Hex/Erth       #.........   75%         4    #####..


Dungeon Overview and Level Annotations

Branches:
Dungeon (2/15)

Altars:
Wu Jian


Innate Abilities, Weirdness & Mutations

You are small and have problems with some larger weapons.
You are carnivorous and can eat meat at any time.


Message History

You hit the worm but do no damage.
The worm is moderately wounded.
The worm bites you!
* * * LOW HITPOINT WARNING * * *
You hit the worm.
The worm is moderately wounded.
The worm bites you.
* * * LOW HITPOINT WARNING * * *
You hit the worm but do no damage.
The worm is moderately wounded.
You hit the worm but do no damage.
The worm is moderately wounded.
The worm completely misses you.
You barely miss the worm.
The worm is moderately wounded.
The worm closely misses you.
You hit the worm.
The worm is moderately wounded.
The worm bites you!
You die...

##.##############
#.# #.# #.# #.#
#.# #.#
#############.#
#.#
...........##.#
#.#
...........##.#
#.#
.....$.....##.#
##.#
..((.......##.#
.#.#
..(...w@?.....#
.#.#
...........####
.#.# #####.######
.#.# #. ##.# #
#.# ##.# ##.#
##.#


You could see a worm.

Vanquished Creatures
  An adder (D:2)
  An ooze (D:2)
  3 dart slugs (D:2)
  A leopard gecko (D:1)
  5 giant cockroaches
  5 goblins
  8 hobgoblins
  4 jackals (D:2)
  6 bats
  5 frilled lizards
  6 kobolds
  4 rats
49 creatures vanquished.

Notes
Turn   | Place    | Note
-------+----------+-------------------------------------------
     0 | D:1      | Htamos the Kobold Arcane Marksman began the quest for the Orb.
     0 | D:1      | Reached XP level 1. HP: 12/12 MP: 2/2
   216 | D:1      | Reached XP level 2. HP: 16/16 MP: 3/3
   540 | D:1      | Reached XP level 3. HP: 20/20 MP: 5/5
   940 | D:2      | Found an ornate altar of the Wu Jian Council.
  1089 | D:2      | Learned a level 3 spell: Inner Flame
  1219 | D:2      | Reached XP level 4. HP: 26/26 MP: 6/6
  1612 | D:2      | Slain by a worm

Skill      XL: |  1  2  3  4 |
---------------+-------------+-----
Crossbows      | 3 |  3.2
Dodging        | 3 |  3.1
Fighting       | 2 |  2.1
Spellcasting   | |  1.8
Hexes          | |  3.5

Action                   |  1- 3 |  4- 6 || total
-------------------------+-------+-------++-------
Melee: Club              |       |    13 ||    13
       Unarmed           |       |     7 ||     7
 Fire: Hand crossbow     |    65 |    24 ||    89
  Eat: Chunk             |     9 |     1 ||    10
Armor: Robe              |     2 |     1 ||     3
Dodge: Dodged            |    16 |    20 ||    36
